 Dungeon Crawl Stone Soup version 0.29-a0-356-g7bc237e783 (webtiles) character file.

Game seed: 8632867618631333089

9 hoogis the Sneak (level 2, 0/13 HPs)
             Began as a Spriggan Enchanter on Apr 21, 2022.
             Slain by a kobold
             ... wielding a +0 dagger
              (1 damage)
             ... on level 1 of the Dungeon on Apr 26, 2022.
             The game lasted 00:03:42 (561 turns).

hoogis the Sneak (Spriggan Enchanter)                Turns: 561, Time: 00:03:43

Health: 0/13       AC:  2    Str:  4    XL:     2   Next: 6%
Magic:  6/6        EV: 17    Int: 16    God:
Gold:   12         SH:  0    Dex: 15    Spells: 6/6 levels left

rFire   . . .      SeeInvis +   a - +1 dagger
rCold   . . .      Faith    .   (no shield)
rNeg    . . .      Spirit   .   b - +0 robe
rPois   .          Reflect  .   (helmet restricted)
rElec   .          Harm     .   (no cloak)
rCorr   .          Rampage  .   (gloves unavailable)
Will    .....                   (boots unavailable)
Stlth   +++.......              (no amulet)
HPRegen 0.04/turn               (no ring)
MPRegen 0.10/turn               (no ring)

@: very quick
A: very small, no large weapons, unfitting armour, see invisible, speed 3
a: no special abilities


You were on level 1 of the Dungeon.
You visited 1 branch of the dungeon, and saw 1 of its levels.

You collected 12 gold pieces.

Inventory:

Hand Weapons
 a - a +1 dagger (weapon)
Armour
 b - a +0 robe (worn)
 d - a +0 leather armour
Potions
 c - 2 potions of invisibility
 e - a potion of heal wounds {unknown}


   Skills:
 + Level 1.1 Short Blades
 + Level 2.9 Dodging
 + Level 4.7 Stealth
 + Level 2.9 Spellcasting
 + Level 3.9 Hexes


You had 6 spell levels left.
You didn't know any spells.
Your spell library contained the following spells:

 Spells                   Type           Power      Damage    Failure   Level
 Confusing Touch          Hex            14%        N/A       12%         3
 Tukima's Dance           Hex            14%        N/A       12%         3
 Ensorcelled Hibernation  Hex/Ice        16%        N/A       13%         2
 Dazzling Flash           Conj/Hex       16%        N/A       26%         3


Dungeon Overview and Level Annotations

Branches:
Dungeon (1/15)

Altars:


Innate Abilities, Weirdness & Mutations

You are very small and have problems with some larger weapons.
You are too small for most types of armour.
You have supernaturally acute eyesight. (SInv)
You cover ground extremely quickly. (Speed+++)


Message History

You closely miss the ball python. The ball python closely misses you.
The ball python constricts you.
You closely miss the ball python. The ball python barely misses you.
The ball python constricts you.
You hit the ball python.
The ball python is moderately wounded.
The ball python misses you. The ball python constricts you.
You closely miss the ball python.
The ball python is moderately wounded.
The ball python misses you. The ball python constricts you.
You hit the ball python.
You kill the ball python!
You see here a ball python corpse.
A kobold comes into view. It is wielding a +0 dagger.
The kobold shouts!
The kobold throws a stone.
The stone hits you but does no damage.
Found a stone staircase leading down.
You see here a ball python corpse.
Welcome back, hoogis the Spriggan Enchanter.
Press ? for a list of commands and other information.
The kobold throws a stone.
The stone misses you.
The kobold throws a stone.
The stone barely misses you. The kobold barely misses you.
The kobold barely misses you. The kobold closely misses you.
The kobold barely misses you. The kobold hits you with a +0 dagger.
The kobold hits you with a +0 dagger. The kobold closely misses you.
The kobold hits you with a +0 dagger.
* * * LOW HITPOINT WARNING * * *
The kobold hits you but does no damage. The kobold misses you.
The kobold closely misses you. The kobold closely misses you.
The kobold misses you. The kobold hits you with a +0 dagger.
* * * LOW HITPOINT WARNING * * *
The kobold hits you with a +0 dagger.
You die...

#.#
#.##.##
#.##
#.....#
#..#
####.##
#..# #.##
#..# #.##
#†.# #.#.
#..# #...
##..######
#...
#@.......#
##..
#K#.####.#
##. #.#..>
....
#.#.###
#### #.#.#
#....
#...#
....#


You could see a kobold.

Vanquished Creatures
  A ball python (D:1)
  An endoplasm (D:1)
  A hobgoblin (D:1)
  2 quokkas (D:1)
  2 bats (D:1)
  A kobold (D:1)
  A rat (D:1)
9 creatures vanquished.

Notes
Turn   | Place    | Note
-------+----------+-------------------------------------------
     0 | D:1      | hoogis the Spriggan Enchanter began the quest for the Orb.
     0 | D:1      | Reached XP level 1. HP: 9/9 MP: 5/5
   153 | D:1      | Reached XP level 2. HP: 3/13 MP: 6/6
   542 | D:1      | Upgraded the game from 0.29-a0-344-ge2f44be95a to
                  | 0.29-a0-356-g7bc237e783
   561 | D:1      | Slain by a kobold

Illustrated notes

Levels and vault maps discovered:
D:1:      dpeg_arrival_erosion, layout_loops_ring, hex_tiny,
          kennysheep_flooded_box

Action                   || total
-------------------------++-------
Melee: Dagger            ||    42
       Punch             ||     1
 Stab: Sleeping          ||     1
Armor: Robe              ||     6
Dodge: Dodged            ||    57

Table legend: (Time is in decaauts)
 A = Elapsed time spent in this place.
 B = Non-inter-level travel time spent in this place.
 C = Inter-level travel time spent in this place.
 D = Time resting spent in this place.
 E = Time spent auto-exploring this place.
 F = Levels seen in this place.
 G = Mean time per level.
                   A        B        C        D        E       F      G
               +--------+--------+--------+--------+--------+-----+--------+
         Total |    437 |    437 |      0 |    192 |      0 |   1 |  437.0 |
       Dungeon |    437 |    437 |      0 |    192 |      0 |   1 |  437.0 |
               +--------+--------+--------+--------+--------+-----+--------+

Top non-repeatable levels by time:
     D:1: 437 daAuts
